 Dungeon Crawl Stone Soup version 0.18-a0-1800-gdc7a371 (webtiles) character file.

630 epen the Insei (level 7, -1/48 HPs)
             Began as an Octopode Monk on Apr 24, 2016.
             Slain by a giant newt (3 damage)
             ... on level 5 of the Dungeon.
             The game lasted 00:17:10 (4774 turns).

epen the Insei (Octopode Monk)                      Turns: 4774, Time: 00:17:11

Health: -1/48      AC:  1    Str: 11    XL:     7   Next: 48%
Magic:  7/7        EV: 15    Int: 12    God:
Gold:   173        SH:  0    Dex: 16    Spells: 0 memorised, 6 levels left

rFire  . . .     SeeInvis .       - Unarmed
rCold  . . .     Gourm    .     (no shield)
rNeg   . . .     Faith    .     (helmet restricted)
rPois  .         Spirit   .     (no amulet)
rElec  .         Dismiss  .     (no ring)
rCorr  .         Reflect  .     (no ring)
SustAt .         Harm     .     (no ring)
MR     .....                    (no ring)
Stlth  ++++......               (no ring)
                                (no ring)
                                (no ring)
                                (no ring)

@: not resistant to hostile enchantments, stealthy
A: almost no armour, amphibious, 8 rings, constrict 8, camouflage 1, gelatinous
body 1
a: no special abilities


You were on level 5 of the Dungeon.
You were not hungry.

You visited 1 branch of the dungeon, and saw 5 of its levels.

You collected 173 gold pieces.

Inventory:

Jewellery
 u - an uncursed ring of stealth {unknown}
Wands
 r - a wand of lightning (10/15)
Scrolls
 d - a scroll of immolation {unknown}
 h - 2 scrolls of identify
 j - 2 scrolls of teleportation
 n - a scroll of random uselessness {unknown}
 p - a scroll of remove curse
 s - a scroll of recharging {unknown}
Potions
 b - a potion of degeneration {unknown}
 e - a potion of berserk rage {unknown}
 f - a potion of cancellation {unknown}
 g - 4 potions of curing
 i - 2 potions of agility
 k - 3 potions of heal wounds
 l - a potion of might {unknown}
 q - a potion of magic
 t - a potion of mutation {unknown}
Comestibles
 a - 2 bread rations
 c - 3 meat rations
 m - 7 fruits
 o - a chunk of flesh


   Skills:
 + Level 4.2 Fighting
 * Level 5.5 Dodging
 + Level 5.2 Stealth
 * Level 6.0 Unarmed Combat


You had 6 spell levels left.
You didn't know any spells.

Dungeon Overview and Level Annotations

Branches:
Dungeon (5/15)
 Temple: D:4-7

Altars:
Dithmenos
Elyvilon
Pakellas
Trog
Vehumet
Xom
Yredelemnul
The Shining One

Shops:
D:4 ?

Annotations:
D:5 Dowan, Duvessa


Innate Abilities, Weirdness & Mutations

You cannot wear most types of armour.
You are amphibious.
You can wear up to eight rings at the same time.
You can use your tentacles to constrict eight enemies at once.
Your skin changes colour to match your surroundings (Stealth).
Your rubbery body absorbs attacks (AC +1).


Message History

You constrict Duvessa, but do no damage.
Duvessa hits you but does no damage.
You tentacle-slap Duvessa but do no damage.
Duvessa is lightly wounded.
You constrict Duvessa.
Duvessa gestures with her weapon.
Duvessa struggles to escape constriction.
You tentacle-slap Duvessa but do no damage.
You squeeze Duvessa, but do no damage.
Duvessa is lightly wounded.
You constrict Duvessa.
Duvessa gestures with her weapon.
Duvessa hits you with a rapier of holy wrath!
* * * LOW HITPOINT WARNING * * *
You release your grip on Duvessa.
Dowan points at you and mumbles some strange words.
The puff of flame hits you!
* * * LOW HITPOINT WARNING * * *
The giant newt bites you.
You die...

.....# #............## .....#
##...........## #### # ....#
##............# ....## ..e#
##....##......## ...... ...#
##...####......# ...... ...#
##...## #......## ......
...####...## ##.......# #.......
..........# ##l.......###.......
...รท.....##
##..@.##.....#.......
.........####.e..####............
.............e..## #...........
...............## #...........
...............# ##...........
(.............## #............
...............# ##....#.......
................####.....#.......
.........................#.......


You could see Duvessa, Dowan and a giant newt.

Vanquished Creatures
  Edmund (D:5)
  A centaur (D:5)
  A scorpion (D:5)
  A crimson imp (D:5)
  A jelly (D:4)
  A hound (D:5)
  Crazy Yiuf (D:2)
  Ijyb (D:2)
  Terence (D:2)
  A worker ant (D:4)
  A hound skeleton (D:4)
  Robin (D:2)
  4 adders
  An ooze (D:1)
  An adder skeleton (D:4)
  4 worms
  5 dart slugs
  2 giant geckos (D:2)
  5 orcs
  A ball python (D:1)
  9 bats
  3 giant cockroaches
  13 goblins
  14 hobgoblins
  2 jackals (D:3)
  A quokka (D:5)
  A giant gecko skeleton (D:5)
  7 giant newts
  10 kobolds
  7 rats
102 creatures vanquished.

Notes
Turn   | Place    | Note
--------------------------------------------------------------
     0 | D:1      | epen the Octopode Monk began the quest for the Orb.
     0 | D:1      | Reached XP level 1. HP: 16/16 MP: 1/1
    83 | D:1      | Reached XP level 2. HP: 21/21 MP: 2/2
   426 | D:1      | Reached XP level 3. HP: 26/26 MP: 3/3
   634 | D:1      | Found a shimmering altar of Xom.
  1324 | D:2      | Found a shadowy altar of Dithmenos.
  1514 | D:2      | Noticed Ijyb
  1530 | D:2      | Killed Ijyb
  1530 | D:2      | Reached XP level 4. HP: 28/31 MP: 4/4
  1694 | D:2      | Noticed Crazy Yiuf
  1706 | D:2      | Killed Crazy Yiuf
  1706 | D:2      | Reached XP level 5. HP: 36/36 MP: 5/5
  1806 | D:2      | Noticed Robin
  2144 | D:2      | Killed Robin
  2412 | D:2      | Found a basalt altar of Yredelemnul.
  2419 | D:2      | Found a white marble altar of Elyvilon.
  2420 | D:2      | Found an oddly glowing altar of Pakellas.
  2423 | D:2      | Found a bloodstained altar of Trog.
  2424 | D:2      | Found a glowing golden altar of the Shining One.
  2425 | D:2      | Found a radiant altar of Vehumet.
  2656 | D:2      | Noticed Terence
  2667 | D:2      | Killed Terence
  3019 | D:3      | Reached skill level 5 in Unarmed Combat
  3207 | D:3      | Reached XP level 6. HP: 38/43 MP: 6/6
  3643 | D:4      | Found Diofet's Magic Scroll Emporium.
  4231 | D:5      | Entered Level 5 of the Dungeon
  4231 | D:5      | Noticed Edmund
  4240 | D:5      | Killed Edmund
  4240 | D:5      | Reached skill level 5 in Dodging
  4405 | D:5      | Reached skill level 5 in Stealth
  4405 | D:5      | Reached XP level 7. HP: 39/48 MP: 7/7
  4672 | D:5      | Noticed Dowan
  4682 | D:5      | Reached skill level 6 in Unarmed Combat
  4746 | D:5      | Noticed Duvessa
  4773 | D:5      | HP: 2/48 [Dowan/puff of flame (11)]
  4774 | D:5      | Slain by a giant newt

Vault maps used:
D:1:      dpeg_arrival_lava_altar, minmay_cut_off
D:2:      minitemple, lemuel_crystal_altar, uniq_iyjb, uniq_terence, uniq_robin,
          uniq_crazy_yiuf_cottage
D:4:      first_bread, serial_shops, shop
D:5:      nicolae_overflow_hidden_temple,
          nicolae_dithmenos_through_a_glass_darkly, uniq_edmund, uniq_pikel,
          uniq_duvessa

Skill      XL: |  1  2  3  4  5  6  7 |
---------------+----------------------+-----
Stealth        | 3 4 5 |  5.2
Dodging        | 4 5 |  5.5
Unarmed Combat | 5 6 |  6.0
Fighting       | 4 |  4.2

Action                   |  1- 3 |  4- 6 |  7- 9 || total
-------------------------+-------+-------+-------++-------
Melee: Unarmed           |    68 |   154 |    29 ||   251
       Tentacles         |    14 |    28 |    11 ||    53
       Constrict         |    12 |    42 |     5 ||    59
       Punch             |     4 |     7 |     1 ||    12
  Use: Scroll            |       |     9 |       ||     9
 Stab: Sleeping          |    14 |    16 |     1 ||    31
       Distracted        |       |     1 |       ||     1
  Eat: Chunk             |     1 |     6 |     3 ||    10
       Fruit             |       |     1 |       ||     1
       Beef jerky        |       |     1 |       ||     1
Armor: Skin              |     3 |     9 |       ||    12
Dodge: Dodged            |    30 |    84 |    15 ||   129
